 Dungeon Crawl Stone Soup version 0.29.1-12-g30fa7ad0bf (webtiles) character file.

Game seed: 15422380597654281817

8190 unlimited1921 the Thaumaturge (level 11, -5/70 HPs)
             Began as a Djinni Fire Elementalist on Jan 8, 2023.
             Slain by a black mamba (13 damage)
             ... on level 1 of the Lair of Beasts.
             The game lasted 00:57:52 (19337 turns).

unlimited1921 the Thaumaturge (DjFE)               Turns: 19337, Time: 00:57:55

Health: -5/70      AC:  9    Str:  7    XL:     11   Next: 51%
Gold:   233        EV: 14    Int: 22    God:
                   SH:  0    Dex: 21

rFire   + + .      SeeInvis +   (no weapon)
rCold   x . .      Faith    .   (no shield)
rNeg    . . .      Spirit   .   z - +3 leather armour "Wanitoh" {Int+2}
rPois   ∞          Reflect  .   J - +0 helmet
rElec   .          Harm     .   (no cloak)
rCorr   .          Rampage  .   H - +1 pair of gloves
Will    +....                   (boots unavailable)
Stlth   +++.......              M - amulet of regeneration
HPRegen 1.01/turn               u - ring of see invisible
MPRegen 0.00/turn               y - +6 ring of dexterity

@: flying
A: sickness immunity, fire resistance 2, cold vulnerability 1, float, innate
caster, HP casting, extra vitality 1
a: no special abilities


You were on level 1 of the Lair of Beasts.
You visited 2 branches of the dungeon, and saw 9 of its levels.

You collected 353 gold pieces.
You spent 120 gold pieces at shops.

Inventory:

Hand Weapons
 j - a +0 dagger of electrocution
 v - a +2 dagger of venom
 A - a +5 flail
 E - a +2 trident of flaming
 F - a +4 falchion
 I - a +0 vorpal trident
 K - a +2 war axe of freezing
 V - a +2 mace of holy wrath
Missiles
 h - 7 curare-tipped darts
 l - 4 atropa-tipped darts
 Q - 8 javelins
 T - a throwing net
Armour
 z - the +3 leather armour "Wanitoh" (worn) {Int+2}
   (You found it on level 3 of the Dungeon)

   Int:       It affects your intelligence (+2).
 B - the +4 ring mail of Darkness {Rampage rN+ Str-4}
   (You took it off an orc on level 3 of the Dungeon)

   Str:       It affects your strength (-4).
   rN:        It protects you from negative energy.
   Rampage:   It bestows one free step when moving towards enemies.
 H - a +1 pair of gloves (worn)
 J - a +0 helmet (worn)
 P - a +1 leather armour of fire resistance
Jewellery
 o - an amulet of reflection
 u - a ring of see invisible (left hand)
 y - a +6 ring of dexterity (right hand)
 D - a ring of resist corrosion
 M - an amulet of regeneration (around neck)
Wands
 C - a wand of acid (17) (quivered)
 G - a wand of polymorph (7)
 O - a wand of digging (6)
Scrolls
 a - a scroll of poison
 b - a scroll of butterflies
 f - a scroll of blinking
 i - 2 scrolls of amnesia {unknown}
 k - 4 scrolls of teleportation {unknown}
 m - 3 scrolls of enchant weapon
 t - 2 scrolls of torment {unknown}
 w - 2 scrolls of noise {unknown}
 x - a scroll of enchant armour
 N - 2 scrolls of identify
 S - a scroll of immolation {unknown}
Potions
 c - 4 potions of haste {unknown}
 d - a potion of mutation
 e - a potion of might {unknown}
 g - 6 potions of degeneration {unknown}
 p - 3 potions of lignification {unknown}
 q - 6 potions of curing
 r - 2 potions of heal wounds
 s - a potion of cancellation
 L - a potion of flight {unknown}
 U - a potion of resistance {unknown}


   Skills:
 + Level 2.7 Fighting
 + Level 0.2 Short Blades
 + Level 3.3 Maces & Flails
 + Level 4.1 Armour
 + Level 4.2 Dodging
 + Level 5.0 Stealth
 + Level 1.6 Shields
 + Level 11.3 Spellcasting


You had 6 spell levels left.
You knew the following spells:

 Your Spells              Type           Power      Damage    Failure   Level
a - Foxfire               Conj/Fire      100%       2x1d9     1%          1
b - Scorch                Fire           100%       2d10      1%          2
c - Conjure Flame         Conj/Fire      58%        6-21      1%          3
d - Inner Flame           Hex/Fire       58%        N/A       1%          3
e - Flame Wave            Conj/Fire      58%        2d14      1%          4
f - Apportation           Tloc           100%       N/A       1%          1
g - Blink                 Tloc           100%       N/A       1%          2
h - Searing Ray           Conj           100%       2d8       1%          2
i - Anguish               Hex/Necr       29%        N/A       1%          4
j - Cause Fear            Hex            29%        N/A       1%          4
Your spell library was empty.

Dungeon Overview and Level Annotations

Branches:
Dungeon (8/15)             Temple (0/1) D:7            Lair (1/5) D:8

Altars:
Ashenzari
Gozag
Okawaru
Qazlal
The Shining One

Shops:
D:5 ![   D:8 (


Innate Abilities, Weirdness & Mutations

You are immune to sickness and miasma.
You are immune to poison.
Your flesh is very heat resistant. (rF++)
You are vulnerable to cold. (rC-)
You float through the air rather than walking.
You learn spells naturally, not from books.
Your magical power is your life essence.
You have superior vitality. (+4 MHP)


Message History

The water moccasin misses you.
The water moccasin attacks as you move away!
The water moccasin bites you but does no damage.
The catoblepas breathes a plume of calcifying dust at you.
The blast of calcifying dust hits you!
The catoblepas breathes a plume of calcifying dust at you.
The blast of calcifying dust hits the water moccasin!
The water moccasin dies!
The blast of calcifying dust hits you!
* * * LOW HITPOINT WARNING * * *
The steam dragon breathes steam at you. The ball of steam hits you. You resist.
* * * LOW HITPOINT WARNING * * *
You hear an angry hiss.
You hear a trumpeting!
Blink to where?
Press: ? - help, Dir - move target
As you read the scroll of blinking, it crumbles to dust.
The black mamba bites you!
* * * LOW HITPOINT WARNING * * *
The black mamba bites you.
* * * LOW HITPOINT WARNING * * *
Blink to where?
Press: ? - help, Dir - move target
As you read the scroll of blinking, it crumbles to dust.
You feel yourself speed up.
Aiming: Corrosive Bolt
Press: ? - help, Q - select action, (/) - cycle Shift-Dir - straight line, f - black mamba
Aim: a black mamba (53% to hit)
The bolt of acid misses the black mamba.
Aiming: Corrosive Bolt
Press: ? - help, Q - select action, (/) - cycle Shift-Dir - straight line, f/p - black mamba
Aim: a black mamba (53% to hit)
The bolt of acid misses the black mamba.
Aiming: Corrosive Bolt
Press: ? - help, Q - select action, (/) - cycle Shift-Dir - straight line, f/p - black mamba
Aim: a black mamba (53% to hit)
The bolt of acid hits the black mamba!
The acid corrodes the black mamba!
The black mamba is heavily wounded.
The black mamba bites you!
You die...

....................#......#
......§[...#........#......#
.....§.....#........#hD....#
...#.§......#.#.#'###......##
...........>.................
...#.........................
...#.........................
+#.#.............S...........
................@...........)
###########.###.#######P#####
### ### ##


You could see a black mamba (corroded), a steam dragon and a black bear.

Vanquished Creatures
  A black mamba (Lair:1)
  A cane toad (Lair:1)
  2 komodo dragons (Lair:1)
  A rime drake (Lair:1)
  A troll (D:5)
  5 blink frogs (Lair:1)
  A wyvern (D:7)
  3 yaks (Lair:1)
  A steam dragon (D:7)
  The ghost of ReploidZero the Ducker, an amateur MfGl (D:3)
  Menkaure (D:4)
  3 water moccasins (Lair:1)
  4 black bears
  An orc warrior (D:6)
  4 sky beasts
  A wolf (Lair:1)
  3 ogres
  A centaur (D:8)
  A phantom (D:4)
  2 bullfrogs
  3 kobold brigands
  Blork the orc (D:4)
  A gnoll sergeant (D:6)
  3 scorpions
  2 necrophages (D:6)
  5 wights (D:7)
  Dowan (D:5)
  2 electric eels (Lair:1)
  2 gnoll boudas (D:8)
  A hound (D:6)
  4 orc priests
  A jelly (D:8)
  4 iguanas
  6 orc wizards
  9 adders
  20 gnolls
  4 shadow imps
  2 ufetubi
  A worm (D:4)
  3 dart slugs
  26 orcs
  9 ball pythons
  6 bats
  3 endoplasms
  5 giant cockroaches
  8 goblins
  10 hobgoblins
  12 jackals
  3 quokkas
  4 frilled lizards
  18 kobolds
  4 rats
221 creatures vanquished.

Vanquished Creatures (others)
  A manticore (D:7)
  A komodo dragon (Lair:1)
  A troll (D:7)
  A water moccasin (Lair:1)
  Duvessa (D:5)
  A human (D:4)
  857 foxfires
  3 fungi (Lair:1)
  3 plants
869 creatures vanquished.

Grand Total: 1090 creatures vanquished

Notes
Turn   | Place    | Note
-------+----------+-------------------------------------------
     0 | D:1      | unlimited1921 the Djinni Fire Elementalist began the quest
                  | for the Orb.
     0 | D:1      | unlimited1921 set off with the following spells memorised:
                  | Foxfire, Scorch, Conjure Flame, Inner Flame, Flame Wave.
     0 | D:1      | Reached XP level 1. HP: 15/15 MP: 0/0
   281 | D:1      | Found a faded altar of an unknown god.
   485 | D:1      | Reached XP level 2. HP: 18/21 MP: 0/0
  1513 | D:1      | Reached XP level 3. HP: 20/25 MP: 0/0
  1513 | D:1      | Learned a level 1 spell: Apportation
  2258 | D:1      | Reached skill level 3 in Spellcasting
  4694 | D:2      | Reached XP level 4. HP: 28/31 MP: 0/0
  5844 | D:3      | Found a runed translucent gate.
  5844 | D:3      | Found a runed translucent gate.
  5846 | D:3      | Found a runed translucent gate.
  5847 | D:3      | Identified the +4 ring mail of Darkness {Rampage rN+ Str-4}
  5849 | D:3      | Noticed ReploidZero's ghost (amateur MfGl)
  6548 | D:3      | Reached XP level 5. HP: 35/35 MP: 0/0
  6548 | D:3      | Learned a level 2 spell: Blink
  6904 | D:3      | Reached skill level 4 in Spellcasting
  7130 | D:3      | Identified the +3 leather armour "Wanitoh" {Int+2}
  7171 | D:3      | Found an opulent altar of Gozag.
  7600 | D:3      | Reached XP level 6. HP: 22/40 MP: 0/0
  7601 | D:3      | Killed ReploidZero's ghost
  8630 | D:4      | Reached skill level 1 in Armour
  8630 | D:4      | Reached skill level 5 in Spellcasting
  8630 | D:4      | Reached XP level 7. HP: 37/45 MP: 0/0
  8630 | D:4      | Learned a level 2 spell: Searing Ray
  9343 | D:4      | Noticed Menkaure
  9349 | D:4      | Killed Menkaure
  9697 | D:4      | Noticed a human
  9699 | D:4      | Killed a human
  9771 | D:4      | Noticed Blork the orc
  9776 | D:4      | Killed Blork the orc
 11134 | D:5      | Entered Level 5 of the Dungeon
 11134 | D:5      | Found a stormy altar of Qazlal.
 11207 | D:6      | Reached XP level 8. HP: 44/50 MP: 0/0
 11239 | D:6      | Reached skill level 6 in Spellcasting
 11762 | D:5      | Found a broken altar of Ashenzari.
 11762 | D:5      | Noticed Duvessa
 11765 | D:5      | Noticed Dowan
 12155 | D:5      | Found Razebaeb's Distillery.
 12313 | D:5      | Bought a potion of curing for 45 gold pieces
 12313 | D:5      | Bought a potion of heal wounds for 75 gold pieces
 12499 | D:5      | Noticed a troll
 12519 | D:5      | Killed a troll
 12520 | D:5      | Reached skill level 7 in Spellcasting
 12732 | D:5      | Reached XP level 9. HP: 51/55 MP: 0/0
 12732 | D:5      | Learned a level 4 spell: Anguish
 12798 | D:5      | Found Hashufit's Antique Armour Shop.
 13202 | D:5      | Found an iron altar of Okawaru.
 13691 | D:5      | Killed Dowan
 13714 | D:5      | Killed Duvessa
 13715 | D:5      | Reached skill level 1 in Maces & Flails
 14312 | D:6      | Found a glowing golden altar of the Shining One.
 14319 | D:6      | Became a worshipper of the Shining One
 14438 | D:7      | Fell from the grace of the Shining One
 14877 | D:7      | Found a staircase to the Ecumenical Temple.
 15103 | D:7      | Reached skill level 1 in Fighting
 15103 | D:7      | Reached skill level 8 in Spellcasting
 15458 | D:7      | Reached skill level 1 in Shields
 16550 | D:7      | Noticed a troll
 16562 | D:7      | Killed a troll
 16563 | D:7      | Reached XP level 10. HP: 31/63 MP: 0/0
 16603 | D:7      | Reached skill level 9 in Spellcasting
 16621 | D:7      | Noticed a manticore
 16624 | D:7      | HP: 1/64 [manticore (8)]
 16624 | D:7      | Killed a manticore
 17341 | D:8      | Found a staircase to the Lair.
 17529 | D:8      | Reached skill level 10 in Spellcasting
 17721 | D:8      | Found Boleudeu's Weapon Shoppe.
 18784 | Lair:1   | Entered Level 1 of the Lair of Beasts
 18791 | Lair:1   | Noticed a rime drake
 18796 | Lair:1   | Killed a rime drake
 18817 | Lair:1   | Noticed a komodo dragon
 18827 | Lair:1   | Killed a komodo dragon
 18891 | Lair:1   | Reached XP level 11. HP: 61/68 MP: 0/0
 18891 | Lair:1   | Learned a level 4 spell: Cause Fear
 18977 | Lair:1   | Reached skill level 11 in Spellcasting
 19266 | Lair:1   | Reached skill level 5 in Stealth
 19320 | Lair:1   | Noticed a catoblepas
 19333 | Lair:1   | HP: 3/70 [black mamba (4)]
 19337 | Lair:1   | Slain by a black mamba

Illustrated notes

Levels and vault maps discovered:
D:1:      dpeg_arrival_arbitrary_a, layout_basic,
          ebering_ecumenical_altar_ruins, grunt_decor_fettered,
          nicolae_kite_square_tiling_tiny
D:2:      layout_basic, lemuel_flame_loot_1
D:3:      layout_loops_ring, nicolae_gozag_seed_capital,
          nicolae_sif_muna_little_library, biasface_ghost_orc_armoury,
          bh_walls_and_bars
D:4:      layout_layer_cave, tgw_kikubaaqudgha, kennysheep_generic_room_9,
          uniq_blork_the_orc, uniq_menkaure
D:5:      layout_basic, grunt_ashenzari_visionary
          [grunt_ashenzari_visionary_shoals, grunt_ashenzari_visionary_snake],
          lemuel_round_altar, grunt_qazlal_sundering, serial_shops,
          nicolae_shop_temple_entry_statues_fountains,
          nicolae_shop_overgrown_old_shop, uniq_duvessa
D:6:      layout_rooms, tso_altar
D:7:      layout_basic, minmay_temple_entry_sparse_star, nzn_random_ring
D:8:      layout_basic, lair_entry_dummy, serial_shops,
          nicolae_shop_hallway_stairs, minivault_19
Lair:1:   layout_chaotic_city, gammafunk_ghost_ooze, nicolae_lair_lakeside_cave,
          infiniplex_staircase_pool, uniq_nergalle

Skill      XL: |  1  2  3  4  5  6  7  8  9 10 11 |
---------------+----------------------------------+-----
Spellcasting   | 3 4 5 7 8 10 11 | 11.3
Stealth        | 2 3 4 5 |  5.0
Armour         | 1 2 3 4 |  4.1
Dodging        | 3 4 |  4.2
Maces & Flails | 1 2 3 |  3.3
Fighting       | 1 2 |  2.7
Shields        | 1 |  1.6
Short Blades   | |  0.2

Action                   |  1- 3 |  4- 6 |  7- 9 | 10-12 || total
-------------------------+-------+-------+-------+-------++-------
Melee: Dagger            |       |     2 |       |       ||     2
       Flail             |       |     6 |    10 |    23 ||    39
 Cast: Foxfire           |    77 |    92 |   197 |   161 ||   527
       Scorch            |     4 |     8 |    34 |    35 ||    81
       Apportation       |    10 |     3 |       |       ||    13
       Inner Flame       |       |    10 |    30 |    18 ||    58
       Anguish           |       |       |     4 |     3 ||     7
       Blink             |       |       |       |     2 ||     2
Evoke: Wand              |       |       |       |     3 ||     3
  Use: Scroll            |       |       |     8 |     3 ||    11
       Potion            |       |       |     1 |     1 ||     2
 Stab: Sleeping          |       |     2 |     1 |       ||     3
       Distracted        |       |       |       |     1 ||     1
Armor: Robe              |     4 |     2 |       |       ||     6
       Leather armour    |       |     4 |     9 |    16 ||    29
Dodge: Dodged            |    12 |    12 |    26 |    38 ||    88
Block: Other             |     1 |     1 |     5 |       ||     7
